 Dungeon Crawl Stone Soup version 0.30.0-29-ga12c61a403 (webtiles) character file.

Game seed: 15803912839161268575

269 monsoonserge the Cudgeller (level 6, -1/36 HPs)
             Began as a Gargoyle Reaver on June 7, 2023.
             Slain by a lemure (4 damage)
             ... led by Pikel
             ... on level 3 of the Dungeon.
             The game lasted 00:09:26 (2843 turns).

monsoonserge the Cudgeller (Gargoyle Reaver)        Turns: 2843, Time: 00:09:28

Health: -1/36      AC:  7    Str: 18    XL:     6   Next: 22%
Magic:  7/9        EV: 11    Int: 13    God:
Gold:   158        SH:  3    Dex:  8    Spells: 6/9 levels left

rFire   . . .        l - +1 mace (heavy)
rCold   . . .        i - +0 buckler
rNeg    + . .        b - +0 leather armour
rPois   ∞            (no helmet)
rElec   +            (no cloak)
rCorr   .            (no gloves)
SInv    +            (no boots)
Will    .....        s - amulet of the acrobat
Stlth   +            t - ring of see invisible
HPRegen 0.26/turn    (no ring)
MPRegen 0.11/turn

%: acrobat
@: very slightly contaminated
A: sickness immunity, AC +4, negative energy resistance 1, electricity
resistance, torment resistance 1, petrification resistance
a: no special abilities


You were on level 3 of the Dungeon.
You visited 1 branch of the dungeon, and saw 4 of its levels.

You collected 158 gold pieces.

Inventory:

Hand Weapons
 l - a +1 heavy mace (weapon)
 r - a +0 whip of electrocution
Missiles
 A - 2 poisoned darts
Armour
 b - a +0 leather armour (worn)
 f - a +0 ring mail
 i - a +0 buckler (worn)
Jewellery
 s - an amulet of the acrobat (around neck)
 t - a ring of see invisible (left hand)
Wands
 y - a wand of acid (7)
Scrolls
 a - a scroll of amnesia {unknown}
 c - 3 scrolls of enchant weapon {unknown}
 d - 4 scrolls of teleportation {unknown}
 g - a scroll of acquirement {unknown}
 h - 4 scrolls of identify {unknown}
 m - a scroll of brand weapon {unknown}
 p - a scroll of immolation {unknown}
 u - a scroll of silence {unknown}
 v - 2 scrolls of fog {unknown}
 w - a scroll of vulnerability {unknown}
 x - a scroll of fear {unknown}
Potions
 e - a potion of might {unknown}
 j - 2 potions of haste {unknown}
 k - 2 potions of curing {unknown}
 n - a potion of attraction {unknown}
 o - a potion of brilliance {unknown}
 q - a potion of cancellation {unknown}
 z - a potion of magic {unknown}


   Skills:
 + Level 2.7 Fighting
 * Level 5.0 Maces & Flails
 * Level 2.3 Armour
 + Level 2.0 Dodging
 * Level 1.4 Shields
 - Level 2.0 Spellcasting
 + Level 3.6 Conjurations
 - Level 1.0 Necromancy
 - Level 1.0 Translocations


You had 6 spell levels left.
You knew the following spells:

 Your Spells              Type           Power      Damage    Failure   Level
a - Kiss of Death         Conj/Necr      28%        2d7       16%         1
b - Momentum Strike       Conj/Tloc      14%        3d8       24%         2

Your spell library contained the following spells:

 Spells                   Type           Power      Damage    Failure   Level
 Hailstorm                Conj/Ice       6%         3d4       50%         3
 Poisonous Vapours        Pois/Air       2%         N/A       52%         2
 Mephitic Cloud           Conj/Pois/Air  4%         N/A       58%         3
 Inner Flame              Hex/Fire       1%         N/A       75%         3
 Flame Wave               Conj/Fire      6%         2d5       88%         4
 Sticky Flame             Conj/Fire      6%         2d3       88%         4
 Cause Fear               Hex            0%         N/A       98%         4
 Freezing Cloud           Conj/Ice/Air   2%         6-21      100%        5
 Dragon Form              Tmut           0%         N/A       100%        7
 Dragon's Call            Summ           0%         N/A       100%        9


Dungeon Overview and Level Annotations

Branches:
Dungeon (4/15)
 Temple: D:4-7

Altars:
Yredelemnul

Shops:
D:1 (

Annotations:
D:4 Pikel


Innate Abilities, Weirdness & Mutations

You are immune to sickness and miasma.
Your stone body is resilient. (AC +4)
You are immune to poison.
You resist negative energy. (rN+)
You are resistant to electric shocks. (rElec)
You are resistant to unholy torment.
You are immune to petrification.


Message History

The lemure shouts!
The lemure hits you but does no damage. The lemure completely misses you.
There is a stone staircase leading up here.
The lemure completely misses you.
You climb upwards.
There is a stone staircase leading down here.
You are too injured to fight recklessly!
You are too injured to fight recklessly!
You are too injured to fight recklessly!
You are too injured to fight recklessly!
You closely miss the lemure. The lemure hits you.
* * * LOW HITPOINT WARNING * * *
The lemure closely misses you.
You sock the lemure!
The lemure is heavily wounded.
The lemure hits you.
* * * LOW HITPOINT WARNING * * *
You closely miss the lemure.
The lemure is heavily wounded.
The lemure hits you but does no damage. The lemure barely misses you.
You closely miss the lemure.
The lemure is heavily wounded.
The lemure hits you but does no damage. The lemure hits you.
* * * LOW HITPOINT WARNING * * *
Casting: Kiss of Death (safe; 16% risk of failure)
Confirm with . or Enter, or press ? or * to list all spells.
Okay, then.
Press: ? - help, v - describe, . - travel
Here: a lemure (heavily wounded)
The floor.
Casting: Kiss of Death (safe; 16% risk of failure)
Confirm with . or Enter, or press ? or * to list all spells.
Aiming: Momentum Strike (dangerous; 24% risk of failure)
Press: ? - help, Dir - move target, f - lemure
Aim: a lemure (heavily wounded, 60% to hit)
You miscast Momentum Strike.
You are very lightly contaminated with residual magic.
Nothing appears to happen.
The lemure hits you.
You die...

#.#.###.....
#.#.#.......
#.#.#.#....(
#.#.#.#.....
#.#.#.######
#.#.#.# #.#.#.####
#######.#.#....###
#@5.....#.........
#.#########....###
#....##.....#.....
#....##.#####.####
#..............<[.
#....##÷#####.#.##
#....##.# #.#.##
#....##.#####.#...
#....##.......####


You could see a lemure.

Vanquished Creatures
  A scorpion (D:4)
  An iguana (D:4)
  Terence (D:2)
  6 adders
  2 ufetubi
  2 worms
  2 dart slugs
  10 endoplasms
  A giant cockroach (D:3)
  6 goblins
  6 hobgoblins
  4 jackals (D:3)
  15 kobolds
  4 quokkas
  8 ball pythons
  9 bats
  3 frilled lizards
  2 rats
83 creatures vanquished.

Notes
Turn   | Place    | Note
-------+----------+-------------------------------------------
     0 | D:1      | monsoonserge the Gargoyle Reaver began the quest for the
                  | Orb.
     0 | D:1      | Reached XP level 1. HP: 12/12 MP: 3/3
   112 | D:1      | Reached XP level 2. HP: 9/17 MP: 5/5
   150 | D:1      | Learned a level 2 spell: Momentum Strike
   433 | D:1      | Reached XP level 3. HP: 20/21 MP: 6/6
   470 | D:1      | Found Gana's Antique Weapon Shoppe.
   644 | D:2      | Found a basalt altar of Yredelemnul.
   915 | D:2      | Noticed Terence
   923 | D:2      | Killed Terence
   924 | D:2      | Reached skill level 1 in Armour
   924 | D:2      | Reached XP level 4. HP: 23/27 MP: 7/7
  1093 | D:2      | Reached skill level 4 in Maces & Flails
  1815 | D:3      | Reached skill level 1 in Necromancy
  1860 | D:3      | Reached XP level 5. HP: 28/31 MP: 8/8
  2049 | D:3      | Reached skill level 1 in Translocations
  2608 | D:4      | Noticed Pikel
  2608 | D:4      | Noticed a lemure
  2608 | D:4      | Noticed a lemure
  2608 | D:4      | Noticed a lemure
  2608 | D:4      | Noticed a lemure
  2645 | D:4      | Reached skill level 1 in Shields
  2777 | D:4      | Reached XP level 6. HP: 35/36 MP: 9/9
  2832 | D:4      | Reached skill level 5 in Maces & Flails
  2843 | D:3      | Slain by a lemure

Illustrated notes

Levels and vault maps discovered:
D:1:      dpeg_arrival_tiny_a, layout_rooms, serial_shops, shop,
          grunt_decor_arrowhead, minmay_tetromino_t2
D:2:      layout_loops_cross, basic_altar, serial_forest,
          infiniplex_forest_straight_5, infiniplex_forest_clump_tiny,
          infiniplex_forest_clump_long, infiniplex_forest_end_1,
          infiniplex_forest_clump_C, infiniplex_forest_straight_5,
          infiniplex_forest_lined_4_way, infiniplex_forest_split,
          infiniplex_forest_lined_room_2, infiniplex_forest_zigzag_1,
          bh_walls_and_bars, uniq_terence
D:3:      layout_basic, minmay_misc_feat_iff, minmay_goblin_kobold_house
D:4:      layout_gridville, makhleb_blood_cavern_becter, minmay_misc_feat_tower,
          kennysheep_potato, uniq_pikel

Skill      XL: |  1  2  3  4  5  6 |
---------------+-------------------+-----
Armour         | 1 2 |  2.3
Maces & Flails | 4 5 |  5.0
Necromancy     | 1 |  1.0
Translocations | 1 |  1.0
Shields        | 1 |  1.4
Dodging        | 2 |  2.0
Fighting       | |  2.7
Spellcasting   | |  2.0
Conjurations   | |  3.6

Action                     |  1- 3 |  4- 6 || total
---------------------------+-------+-------++-------
  Melee: Mace              |    95 |   147 ||   242
         Punch             |     1 |       ||     1
 Armour: Leather armour    |    45 |    87 ||   132
  Dodge: Dodged            |    50 |   160 ||   210
  Block: Buckler           |     4 |    27 ||    31
